Unix NetHack Version 5.0.0-0 post-release - last build Jul 14 2026 02:55:29 (1809b74e8187c3a3585e283601c3028b46cbbdcb,branch:main).

Game began 2026-07-14 17:47:04, ended 2026-07-16 17:21:01.

Barrb, neutral female human Barbarian

         ---             ----                                -
        --.---------------..|                               ..--- ----.
  ----  |..)).).............|             --------          |...---.....  ---
  |..-- |..----#...--------.|     ---  ----......-------------.........----.--
  |...| --)----....|      |.###--#-.---..|.............................--[.f.--
  |...|---..-|....--     ##..||.......*...........----.-------.....)....o@....|
  |.----.....|....#     ` --.|--...........)-#...----....     .........---.|.--
  |.|--..---....---##      |.| ---........).............--- -- ........-------
  |.-|..-----...|          |.|   ---..|.-------%-----.....--.|..........--
  |..|.-- |.....|          |.--    |..|.|       #  ####....^.......(.....--
  |....|  |.....--         |..---  ----.|       -#  ---......<............----
  |....|  ---....|         --...-----.).#--    --.---.................--.....--
  --.-.|    --..--          ---.......--..--   |......................-|......|
   |...|     |..-             ----..---|...|  --......|....--.--..---..|.....--
   --..|     ---..           ---.....|--...|  -.....-----.------..| |..|------
    |..---      ..           |.......--.|..| |......|   ---   |...------
    --...--                  |..|.......|--  |..)...|        --....|
     |....|                  ------...`.|    ---..---        |.>..--
     |...--                       ----.--      ----          |...--
      -..|                           ---                     --..|
       ---                                                    ----
Barrb the Bandit           St:18/02 Dx:17 Co:18 In:10 Wi:10 Ch:6  Neutral
Dlvl:4  $:63 HP:0(68) Pw:24(24) AC:6  Xp:6 T:4108  Burdened

Latest messages:
 The hill orc zaps a curved wand!
 The wand hits the hill orc!
 The hill orc is killed!
 The wand misses you.
 The wand hits the housecat!
 The hill orc hits!
 The hill orc picks up a rusty orcish helm.
 The hill orc strikes at your displaced image and misses you!
 The hill orc strikes at your displaced image and misses you!
 Your housecat eats a hill orc corpse.
 The hill orc strikes at your displaced image and misses you!
 The hill orc zaps a wand of striking!
 You hear a nearby zap.
 The wand hits it!
 The wand hits the hill orc!
 The hill orc is killed!
 The wand hits you!
 You stop searching.
 You miss the little dog.
 The little dog bites!
 The little dog bites!
 The little dog bites!
 You smite the little dog.
 The little dog bites!
 The little dog bites!
 You smite the little dog!
 The little dog bites!
 The little dog misses!
 You kill the little dog!
 You stop searching.
 The hill orc wields a scimitar!
 The hill orc suddenly falls asleep!
 You hear an E flat squeak in the distance.
 You smite the hill orc!
 The hill orc zaps a wand of striking!
 The wand hits you!
 You kill the hill orc!
 You smite the hill orc.
 The hill orc zaps a wand of striking!
 The wand hits you!
 You hear the howling of the CwnAnnwn...
 The wand misses the housecat.
 You smite the hill orc!
 The hill orc zaps a wand of striking!
 The wand misses you.
 The wand misses the housecat.
 The hill orc zaps a wand of striking!
 The wand hits you!
 You die...
 Do you want your possessions identified? [ynq] (y) q

Inventory:
 Coins    ('$')
  $ - 63 gold pieces
 Weapons  (')')
  w - a +0 sling
  W - 5 +0 darts
  N - 11 cursed +0 darts
  X - 11 cursed -4 darts
  b - a +0 short sword (weapon in right hand)
 Armor    ('[')
  g - a blessed +3 dwarvish iron helm
  j - an uncursed +0 pair of iron shoes
  s - an uncursed +0 cloak of displacement (being worn)
  k - a cursed +0 dwarvish cloak
  O - a blessed +1 elven mithril-coat
  c - an uncursed +0 ring mail (being worn)
 Comestibles  ('%')
  d - 3 uncursed food rations
  K - a cursed food ration
 Scrolls  ('?')
  t - an uncursed scroll of create monster
  o - an uncursed scroll of enchant armor
  f - a blessed scroll of enchant weapon
  V - an uncursed scroll of enchant weapon
  B - a cursed scroll of light
  P - an uncursed scroll of teleportation
 Potions  ('!')
  L - an uncursed potion of enlightenment
  A - 2 uncursed potions of extra healing
  C - a cursed potion of extra healing
  D - an uncursed potion of gain energy
  u - 2 uncursed potions of healing
  G - a cursed potion of restore ability
  E - an uncursed potion of water
 Rings    ('=')
  m - a cursed ring of aggravate monster
  e - a cursed ring of hunger
  h - a cursed ring of hunger
  x - an uncursed ring of protection from shape changers
  U - an uncursed ring of stealth
 Tools    ('(')
  M - an empty uncursed oilskin sack
  F - an uncursed sack containing 1 item
  q - a bag of tricks (0:14)
  l - an uncursed blindfold
  I - a blessed oil lamp (lit)
  H - a cursed oil lamp
  Q - a +0 pick-axe
  p - an uncursed skeleton key
  S - an uncursed tin whistle
  T - an uncursed tin whistle
  J - an uncursed towel
 Gems/Stones  ('*')
  R - an uncursed ruby
  v - 2 uncursed worthless pieces of black glass
  a - an uncursed worthless piece of blue glass
  r - 2 uncursed worthless pieces of green glass
  z - an uncursed worthless piece of yellow glass

Contents of the sack:
  184 gold pieces

Barrb the Barbarian's attributes:

Background:
 You were a Bandit, a level 6 female human Barbarian.
 You were neutral, nominally on a mission for Crom
 who was opposed by Mitra (lawful) and Set (chaotic).
 You were right-handed.
 You were in the Gnomish Mines, on level 4.
 You entered the dungeon 4108 turns ago.
 There was a new moon in effect when your adventure ended.
 You had 577 experience points, 63 more were needed to attain level 7.

Basics:
 You had 0 out of 68 hit points.
 You had all 24 energy points (spell power).
 Your armor class was 6.
 Your wallet contained 63 zorkmids, and
 you had 184 more stashed away in your pack.
 Autopickup was off.

Final Characteristics:
 Your strength was 18/02 (limit:18/100).
 Your dexterity was 17 (limit:18).
 Your constitution was 18 (limit:18).
 Your intelligence was 10 (limit:18).
 Your wisdom was 10 (limit:18).
 Your charisma was 6 (limit:18).

Final Status:
 You weren't hungry.
 You were burdened; movement was slightly slowed.
 You were wielding a short sword.
 You had basic skill with short sword and could have enhanced that.

Final Attributes:
 You were piously aligned.
 You were poison resistant.
 You were displaced.
 You were warded.
 You are dead.

Miscellaneous:
 You didn't encounter any bones levels.
 Total elapsed playing time was 1 hour, 11 minutes and 46 seconds.

Major events:
 Turn
    1: Barrb the neutral female human Barbarian entered the dungeon
  734: entered the Gnomish Mines
 1282: attained the rank of Pillager (level 3)
 3147: attained the rank of Bandit (level 6)
 4108: killed by a wand

You didn't know any spells.

Skills:
 Fighting Skills
   bare handed combat [Basic]
   two weapon combat  [Unskilled]
   riding             [Unskilled]
 Weapon Skills
   dagger             [Unskilled]
   axe                [Basic]
   pick-axe           [Unskilled]
   short sword        [Basic]
   broadsword         [Unskilled]
   long sword         [Unskilled]
   two-handed sword   [Unskilled]
   saber              [Unskilled]
   club               [Unskilled]
   mace               [Unskilled]
   morning star       [Unskilled]
   flail              [Unskilled]
   hammer             [Unskilled]
   quarterstaff       [Unskilled]
   spear              [Unskilled]
   trident            [Unskilled]
   bow                [Unskilled]
 Spellcasting Skills
   attack spells      [Unskilled]
   escape spells      [Unskilled]

Voluntary challenges:
 Character rerolling was not enabled.
 You were an atheist.
 You never genocided any monsters.
 You never polymorphed an object.
 You never changed form.
 You used no wishes.
Achievements:
 You entered the Gnomish Mines.
 You entered a shop.
 You attained the rank of Pillager.
 You attained the rank of Bandit.

 The Dungeons of Doom: levels 1 to 5
    Level 1:
       A sink.
    Level 2:
       A general store, a fountain.
       Stairs down to The Gnomish Mines.
    Level 3:
    Level 4:
    Level 5:
       A tool shop, a fountain, a grave.
 The Gnomish Mines: levels 3 to 5
    Level 3:
    Level 4: <- You were here.
       Final resting place for
          you, killed by a wand.
    Level 5:


Vanquished creatures:
  a leprechaun
  a bugbear
  a fog cloud
  a yellow light
  a shrieker
  a violet fungus
  5 gnome leaders
  a giant ant
  a little dog
  2 floating eyes
  a kitten
  5 dwarves
  2 homunculi
  a kobold shaman
 12 hill orcs
  3 rothes
  a dwarf zombie
  a werejackal
  a coyote
  2 hobbits
  a giant rat
  a cave spider
  a yellow mold
  a red mold
 15 gnomes
  2 geckos
  4 jackals
  a fox
  a kobold
  7 goblins
  2 sewer rats
  4 lichens
  2 kobold zombies
  8 newts
94 creatures vanquished.

No species were genocided or became extinct.

Game over:
                       ----------
                      /          \
                     /    REST    \
                    /      IN      \
                   /     PEACE      \
                  /                  \
                  |      Barrb       |
                  |      247 Au      |
                  | killed by a wand |
                  |                  |
                  |                  |
                  |                  |
                  |       2026       |
                 *|     *  *  *      | *
        _________)/\\_//(\/(/\)/\//\/|_)_______

Goodbye Barrb the Barbarian...

You died in The Gnomish Mines on dungeon level 4 with 2771 points,
and 247 pieces of gold, after 4108 moves.
You were level 6 with a maximum of 68 hit points when you died.

